 Dungeon Crawl Stone Soup version 0.29.1-1-gd02db6906a (webtiles) character file.

Game seed: 11843844409149246751

18939 xian the Eclecticist (level 12, -14/53 HPs)
             Began as a Spriggan Earth Elementalist on Oct 22, 2022.
             Was a Believer of Vehumet.
             Demolished by an entropy weaver (15 damage)
             ... on level 11 of the Dungeon.
             The game lasted 00:41:40 (15899 turns).

xian the Eclecticist (Spriggan Earth Elementalist) Turns: 15899, Time: 00:41:41

Health: -14/53     AC:  1    Str:  6    XL:     12   Next: 32%
Magic:  10/32      EV: 19    Int: 19    God:    Vehumet [**....]
Gold:   2077       SH:  0    Dex: 16    Spells: 25/41 levels left

rFire   . . .      SeeInvis +   E - staff of conjuration
rCold   + . .      Faith    .   (shield currently unavailable)
rNeg    . . .      Spirit   .   J - +0 troll leather armour
rPois   .          Reflect  .   O - +2 hat
rElec   .          Harm     .   f - +2 cloak of the Thief {*Fog Slay-2 SInv Stlth+}
rCorr   +          Rampage  .   (gloves unavailable)
Will    ++...                   (boots unavailable)
Stlth   ++++......              n - amulet of regeneration
HPRegen 1.77/turn               l - ring of Cogocidd {rC+ rCorr}
MPRegen 0.23/turn               s - ring of wizardry

@: corroded, very quick
A: very small, no large weapons, unfitting armour, see invisible, speed 3
a: Renounce Religion


You were on level 11 of the Dungeon.
You worshipped Vehumet.
Vehumet was pleased with you.
You visited 2 branches of the dungeon, and saw 12 of its levels.

You collected 2846 gold pieces.
You spent 769 gold pieces at shops.

Inventory:

Hand Weapons
 K - a +5 broad axe of freezing
Missiles
 M - 4 throwing nets
Armour
 f - the +2 cloak of the Thief (worn) {*Fog Slay-2 SInv Stlth+}
   (You acquired it on level 7 of the Dungeon)

   It may release a thick cloud of smoke when the wearer is hurt.
   Slay:      It affects your accuracy & damage with ranged weapons and melee
   (-2).
   SInv:      It lets you see invisible.
   Stlth:     It makes you more stealthy.
 i - a scarf of shadows
 J - a +0 troll leather armour (worn)
 O - a +2 hat (worn)
Magical Staves
 E - a staff of conjuration (weapon)
Jewellery
 l - the ring of Cogocidd (left hand) {rC+ rCorr}
   (You found it on level 2 of the Dungeon)

   [ring of protection from cold]

   rC:        It protects you from cold.
   rCorr:     It protects you from acid and corrosion.
 n - an amulet of regeneration (around neck)
 s - a ring of wizardry (right hand)
 y - a +6 ring of intelligence
 I - a ring of flight
Wands
 g - a wand of flame (18)
 m - a wand of roots (8)
 D - a wand of charming (13)
 F - a wand of quicksilver (9)
Scrolls
 c - 10 scrolls of teleportation
 d - 2 scrolls of butterflies
 h - 2 scrolls of enchant weapon {unknown}
 j - a scroll of blinking
 k - a scroll of torment {unknown}
 r - 3 scrolls of amnesia {unknown}
 t - a scroll of silence {unknown}
 u - 5 scrolls of poison {unknown}
 x - 3 scrolls of fear
 C - a scroll of immolation
 G - 5 scrolls of magic mapping
 N - a scroll of identify
 Q - 3 scrolls of enchant armour {unknown}
Potions
 a - 3 potions of berserk rage {unknown}
 b - a potion of magic
 e - 7 potions of curing
 o - a potion of resistance
 p - 2 potions of haste {unknown}
 q - a potion of might {unknown}
 v - a potion of brilliance {unknown}
 z - 2 potions of ambrosia
 A - a potion of flight {unknown}
 B - a potion of lignification
 H - a potion of heal wounds {unknown}
 L - a potion of invisibility
Miscellaneous
 w - a phantom mirror
 P - a lightning rod (4/4)


   Skills:
 + Level 1.3 Fighting
 + Level 2.0 Short Blades
 + Level 1.4 Axes
 + Level 0.1(0.7) Polearms
 + Level 2.6 Armour
 + Level 6.3 Dodging
 + Level 5.9 Stealth
 + Level 15.2 Spellcasting
 + Level 5.8 Conjurations
 + Level 4.2 Transmutations
 + Level 11.1 Earth Magic


You had 25 spell levels left.
You knew the following spells:

 Your Spells              Type           Power      Damage    Failure   Level
a - Sandblast             Erth           100%       2d20      1%          1
b - Passwall              Tmut/Erth      35%        N/A       1%          2
c - Stone Arrow           Conj/Erth      100%       3d13      1%          3
d - Petrify               Tmut/Erth      43%        N/A       1%          4
e - Statue Form           Tmut/Erth      28%        N/A       17%         6

Your spell library contained the following spells:

 Spells                   Type           Power      Damage    Failure   Level
 Scorch                   Fire           28%        2d6       4%          2
 Beastly Appendage        Tmut           60%        N/A       1%          1
 Wereblood                Tmut           30%        N/A       1%          2
 Summon Small Mammal      Summ           56%        N/A       2%          1
 Dazzling Flash           Conj/Hex       76%        N/A       2%          3
 Mephitic Cloud           Conj/Pois/Air  32%        N/A       3%          3
 Spider Form              Tmut/Pois      22%        N/A       3%          3
 Ignite Poison            Fire/Tmut/Pois 19%        N/A       4%          3
 Call Canine Familiar     Summ           14%        N/A       9%          3
 Confusing Touch          Hex            14%        N/A       9%          3
 Summon Guardian Golem    Hex/Summ       14%        N/A       9%          3
 Anguish                  Hex/Necr       7%         N/A       26%         4
 Yara's Violent Unravell  Hex/Tmut       11%        3d6       28%         5
 Freezing Cloud           Conj/Ice/Air   16%        6-21      32%         5
 Agony                    Necr           14%        N/A       56%         5
 Metabolic Englaciation   Hex/Ice        7%         N/A       56%         5
 Silence                  Hex/Air        7%         N/A       56%         5
 Summon Forest            Summ/Tloc      7%         N/A       56%         5
 Summon Mana Viper        Hex/Summ       14%        N/A       56%         5
 Summon Cactus Giant      Summ           7%         N/A       98%         6
 Enfeeble                 Hex            7%         N/A       100%        7


Dungeon Overview and Level Annotations

Branches:
Dungeon (11/15)            Temple (1/1) D:7            Lair (0/5) D:10
    Orc (0/2) D:10

Altars:
Ashenzari
Cheibriados
Dithmenos
Elyvilon
Fedhas
Gozag
Hepliaklqana
Kikubaaqudgha
Makhleb
Nemelex Xobeh
Okawaru
Qazlal
Ru
Sif Muna
Trog
Uskayaw
Vehumet
Wu Jian
Xom
Yredelemnul
Zin
The Shining One

Shops:
D:7 ?   D:8 *

Annotations:
D:10 exclusion: 2 oklob saplings


Innate Abilities, Weirdness & Mutations

You are very small and have problems with some larger weapons.
You are too small for most types of armour.
You have supernaturally acute eyesight. (SInv)
You cover ground extremely quickly. (Speed+++)


Message History

You feel a surge of power!
The stone arrow hits the entropy weaver!
The entropy weaver is almost dead.
The entropy weaver points at you and mumbles some strange words.
The entropic weave corrodes you!
You feel a surge of power!
The stone arrow misses the entropy weaver.
A ghost crab comes into view.
The entropy weaver misses you.
The entropy weaver hits you but does no damage.
The entropy weaver hits you!
With a swish of your cloak, you release a cloud of fog.
The entropy weaver completely misses you.
The ghost crab moves out of view.
The entropy weaver misses you. The entropy weaver hits you!
The entropy weaver hits you. x2
* * * LOW HITPOINT WARNING * * *
Unknown command.
Casting: Stone Arrow (safe; 1% risk of failure)
Confirm with . or Enter, or press ? or * to list all spells.
Aiming: Sandblast (safe; 1% risk of failure)
Press: ? - help, Shift-Dir - straight line, f/p - entropy weaver
Aim: an entropy weaver (grey smoke, almost dead, 80% to hit)
The blast of sand hits the entropy weaver!
The entropy weaver is almost dead.
The entropy weaver casts a spell at you.
The entropic weave corrodes you!
Casting: Sandblast (safe; 1% risk of failure)
Confirm with . or Enter, or press ? or * to list all spells.
Aiming: Sandblast (safe; 1% risk of failure)
Press: ? - help, Shift-Dir - straight line, f/p - entropy weaver
Aim: an entropy weaver (grey smoke, almost dead, 80% to hit)
The blast of sand misses the entropy weaver.
The entropy weaver hits you!
* * * LOW HITPOINT WARNING * * *
With a swish of your cloak, you release a cloud of fog.
The entropy weaver hits you!
* * * LOW HITPOINT WARNING * * *
The entropy weaver hits you!
You die...

############################
........................^..#
......##.###..####...#####.#
###...##.# #..# #...# #^# #
#...##.# #..# #...# #.# #
#...##.# #..# #...# #.# #
#.##############'#.# #.# #
#.#..†......§§§#.#.# #.# #
#.#.##########@#.#.# #.# #
#.#°# #B#.#.# #.# # #.#°#
#§#.#.# #.# # #.#°#
#§#.#.#####.# #
#.#°#.########§#.#.......# #
#.#°#..t÷...§§§#.#######.# #
#.#°############.# #.#
###.#..............# #.#
....################# #.#


You could see an entropy weaver.

Vanquished Creatures
  2 entropy weavers (D:11)
  Harold (D:10)
  2 ghost crabs (D:11)
  4 two-headed ogres
  6 fire crabs (D:11)
  A deep elf pyromancer (D:8)
  An ugly thing (D:11)
  2 cyclopes
  A komodo dragon (D:11)
  2 unseen horror skeletons (D:9)
  3 trolls
  A hornet (D:9)
  2 shadows
  4 yaks (D:11)
  A vampire (D:10)
  2 wraiths
  A wyvern (D:10)
  2 steam dragons
  A basilisk (D:11)
  A vampire mosquito (D:8)
  Edmund (D:4)
  2 wargs (D:10)
  2 acid dragons
  An orc warrior (D:10)
  2 water moccasins
  An ice beast (D:7)
  2 sky beasts
  7 black bears
  2 ogres
  2 centaurs
  3 kobold brigands
  A phantom (D:7)
  A gnoll sergeant (D:7)
  2 bullfrogs (D:6)
  5 scorpions
  12 wights (D:9)
  8 howler monkeys
  An electric eel (D:6)
  2 centaur zombies (D:9)
  5 hounds
  10 orc priests
  3 iron imps (D:9)
  9 orc wizards
  2 iguanas
  A killer bee simulacrum (D:9)
  Robin (D:2)
  13 gnolls
  11 adders
  A shadow imp (D:6)
  A white imp (D:5)
  An ufetubus (D:3)
  3 worms
  3 dart slugs
  33 orcs
  3 bats (D:2)
  7 endoplasms
  2 giant cockroaches
  14 goblins
  12 hobgoblins
  10 jackals
  23 kobolds
  3 quokkas
  11 ball pythons
  2 frilled lizards (D:1)
  4 rats
285 creatures vanquished.

Vanquished Creatures (others)
  3 plants (D:10)
3 creatures vanquished.

Grand Total: 288 creatures vanquished

Notes
Turn   | Place    | Note
-------+----------+-------------------------------------------
     0 | D:1      | xian the Spriggan Earth Elementalist began the quest for
                  | the Orb.
     0 | D:1      | Reached XP level 1. HP: 9/9 MP: 5/5
    59 | D:1      | Reached skill level 3 in Spellcasting
   155 | D:1      | Reached XP level 2. HP: 13/13 MP: 0/7
   158 | D:1      | Learned a level 2 spell: Passwall
   717 | D:1      | Found a faded altar of an unknown god.
   973 | D:2      | Reached XP level 3. HP: 16/16 MP: 6/9
   977 | D:2      | Learned a level 3 spell: Stone Arrow
  1045 | D:2      | Noticed Robin
  1413 | D:2      | Reached skill level 4 in Spellcasting
  1418 | D:2      | Killed Robin
  1419 | D:2      | Reached XP level 4. HP: 18/21 MP: 3/11
  1548 | D:2      | Learned a level 4 spell: Petrify
  1613 | D:2      | You fall into a shaft and drop 2 floors!
  1689 | D:3      | Reached skill level 5 in Spellcasting
  1694 | D:2      | Reached XP level 5. HP: 6/24 MP: 5/14
  1989 | D:2      | Identified the ring of Cogocidd {rC+ rCorr}
  2870 | D:3      | Reached skill level 6 in Spellcasting
  2922 | D:3      | Reached XP level 6. HP: 4/28 MP: 5/16
  3657 | D:4      | Found a shadowy altar of Dithmenos.
  3683 | D:4      | Identified 2 scrolls of acquirement
  3683 | D:4      | Acquired 689 gold pieces
  3685 | D:4      | Acquired 1390 gold pieces
  3709 | D:4      | Reached skill level 7 in Spellcasting
  3723 | D:4      | HP: 1/28 [gnoll/+0 halberd (13)]
  3904 | D:4      | Reached XP level 7. HP: 19/32 MP: 5/18
  4347 | D:4      | Noticed Edmund
  4368 | D:4      | Killed Edmund
  4369 | D:4      | Reached skill level 8 in Spellcasting
  4369 | D:4      | Reached skill level 5 in Earth Magic
  4721 | D:4      | Found a glowing golden altar of the Shining One.
  4937 | D:4      | Reached skill level 9 in Spellcasting
  4937 | D:4      | Reached XP level 8. HP: 36/36 MP: 11/22
  5181 | D:5      | Entered Level 5 of the Dungeon
  5205 | D:5      | Reached skill level 1 in Conjurations
  6860 | D:6      | Reached skill level 1 in Short Blades
  6860 | D:6      | Reached skill level 10 in Spellcasting
  7015 | D:6      | Reached XP level 9. HP: 40/40 MP: 3/24
  8285 | D:7      | Found Dippiu's Magic Scroll Shop.
  8640 | D:7      | Bought a scroll of acquirement for 572 gold pieces
  8640 | D:7      | Bought a scroll of identify for 22 gold pieces
  8640 | D:7      | Bought a scroll of magic mapping for 82 gold pieces
  8640 | D:7      | Bought a scroll of blinking for 82 gold pieces
  8640 | D:7      | Bought a scroll of noise for 11 gold pieces
  8640 | D:7      | Acquired the +2 cloak of the Thief {*Fog Slay-2 SInv
                  | Stlth+}
  8640 | D:7      | Found the +2 cloak of the Thief {*Fog Slay-2 SInv Stlth+}
  8666 | D:7      | Found a staircase to the Ecumenical Temple.
  8863 | D:7      | Found a hide-covered altar of Uskayaw.
  8872 | D:7      | Found a broken altar of Ashenzari.
  8897 | Temple   | Entered the Ecumenical Temple
  9441 | D:7      | Reached skill level 11 in Spellcasting
  9710 | D:8      | Identified the +2 robe of Filth {Contam Drain Str+3 Dex+4}
  9714 | D:8      | Noticed a two-headed ogre
  9717 | D:8      | Noticed a two-headed ogre
  9721 | D:8      | Killed a two-headed ogre
  9722 | D:8      | Reached skill level 5 in Stealth
 10039 | D:8      | Killed a two-headed ogre
 10040 | D:8      | Reached skill level 12 in Spellcasting
 10040 | D:8      | Reached XP level 10. HP: 44/44 MP: 13/27
 10155 | D:8      | Found Hiugak's Elemental Accessories.
 10246 | D:8      | Found a sparkling altar of Nemelex Xobeh.
 10278 | D:8      | Noticed a deep elf pyromancer
 10281 | D:8      | Killed a deep elf pyromancer
 10387 | D:8      | Noticed a cyclops
 10395 | D:8      | Killed a cyclops
 10415 | D:8      | Learned a level 6 spell: Statue Form
 10415 | D:8      | Identified the +6 battleaxe of Invincibility {drain, rElec
                  | rPois rF+ MP+9}
 10905 | D:9      | Found an iron altar of Okawaru.
 10936 | D:9      | Reached skill level 1 in Fighting
 11387 | D:9      | Found a radiant altar of Vehumet.
 11394 | D:9      | Became a worshipper of Vehumet
 11406 | D:9      | Found a hazy altar of Hepliaklqana.
 11419 | D:9      | Reached skill level 13 in Spellcasting
 11620 | D:9      | Found a burning altar of Makhleb.
 12078 | D:10     | Entered Level 10 of the Dungeon
 12127 | D:10     | Noticed a two-headed ogre
 12130 | D:10     | Killed a two-headed ogre
 12131 | D:10     | Reached XP level 11. HP: 49/49 MP: 19/29
 12266 | D:10     | Noticed Harold
 12274 | D:10     | Killed Harold
 12275 | D:10     | Reached skill level 1 in Axes
 12275 | D:10     | Reached skill level 5 in Dodging
 12717 | D:10     | Found a staircase to the Lair.
 12740 | D:10     | Reached * piety under Vehumet
 12740 | D:10     | Offered knowledge of Freeze by Vehumet.
 12916 | D:10     | Found a staircase to the Orcish Mines.
 13886 | D:11     | Reached skill level 10 in Earth Magic
 13937 | D:11     | Reached skill level 1 in Armour
 14234 | D:11     | Found a runed translucent door.
 14298 | D:11     | Reached skill level 14 in Spellcasting
 14530 | D:11     | Noticed a brown ugly thing
 14548 | D:11     | Killed a brown ugly thing
 14549 | D:11     | Reached skill level 5 in Conjurations
 14806 | D:11     | Noticed a two-headed ogre
 14811 | D:11     | Killed a two-headed ogre
 15157 | D:11     | Noticed a fire crab
 15163 | D:11     | Killed a fire crab
 15201 | D:11     | Noticed an entropy weaver
 15201 | D:11     | Noticed a fire crab
 15205 | D:11     | Noticed a fire crab
 15211 | D:11     | Killed a fire crab
 15211 | D:11     | Reached ** piety under Vehumet
 15239 | D:11     | Killed an entropy weaver
 15239 | D:11     | Offered knowledge of Scorch by Vehumet.
 15385 | D:11     | Killed a fire crab
 15386 | D:11     | Reached XP level 12. HP: 53/53 MP: 17/31
 15672 | D:11     | Noticed an entropy weaver
 15675 | D:11     | Killed an entropy weaver
 15676 | D:11     | Reached skill level 15 in Spellcasting
 15684 | D:11     | Noticed a ghost crab
 15684 | D:11     | Noticed a ghost crab
 15703 | D:11     | Killed a ghost crab
 15848 | D:11     | Noticed an entropy weaver
 15851 | D:11     | Killed a ghost crab
 15892 | D:11     | Noticed a ghost crab
 15899 | D:11     | HP: 1/53 [entropy weaver (8)]
 15899 | D:11     | Demolished by an entropy weaver

Illustrated notes

Levels and vault maps discovered:
D:1:      kennysheep_arrival_forest, layout_rooms,
          shapermc_ecumenical_altar_mp_highgroup, minivault_11
D:2:      layout_loops_ring, uniq_robin
D:3:      layout_loops_ring
D:4:      layout_cave_pods, tso_altar, nicolae_dithmenos_the_darkroom,
          dk_noncrumbling_4, ebering_dispersal_statue_hall, uniq_edmund
D:5:      layout_basic, minmay_starry_boxes
D:6:      layout_basic, minmay_tree_intersection, fountainhead
D:7:      layout_cave_pools, chequers_temple_overflow_statue_of_worship,
          minmay_temple_entry_junction, serial_shops, nicolae_diamond_shop,
          kennysheep_generic_room_2
D:8:      layout_basic, nemelex_xobeh_ov_fountains_minmay, abandoned_shop,
          nicolae_elemental_shop, minmay_diamond_spiral
D:9:      layout_roguey, lemuel_round_altar, okawaru_trees_2,
          mainiacjoe_overflow_concentric_impassable, demons_altar,
          hangedman_weighted_door
D:10:     layout_loops_ring, erik_lair_orcish_takeover, orc_0_dummy,
          introduction_to_nature_2, uniq_harold
D:11:     gammafunk_mikee_crab_dinner, layout_long_grid, columned_hall_lemuel,
          kennysheep_generic_room_14
Temple:   nicolae_temple_bog_church

Skill      XL: |  1  2  3  4  5  6  7  8  9 10 11 12 |
---------------+-------------------------------------+-----
Spellcasting   | 3 4 5 6 7 9 10 12 13 14 15 | 15.2
Earth Magic    | 3 4 5 6 8 9 10 11 | 11.1
Dodging        | 3 4 6 |  6.3
Conjurations   | 2 3 4 5 |  5.8
Short Blades   | 1 2 |  2.0
Stealth        | 4 5 |  5.9
Transmutations | 3 4 |  4.2
Fighting       | 1 |  1.3
Axes           | 1 |  1.4
Armour         | 2 |  2.6
Polearms       | |  0.1

Action                   |  1- 3 |  4- 6 |  7- 9 | 10-12 || total
-------------------------+-------+-------+-------+-------++-------
Melee: Dagger            |       |     4 |    12 |       ||    16
       Broad axe         |       |       |       |    10 ||    10
       Spear             |       |       |       |     1 ||     1
       Staff             |       |       |       |    61 ||    61
 Cast: Sandblast         |    60 |    79 |    51 |    24 ||   214
       Stone Arrow       |       |    10 |   141 |   201 ||   352
       Petrify           |       |       |     2 |     3 ||     5
       Passwall          |       |       |       |    12 ||    12
  Use: Scroll            |       |     5 |     6 |     2 ||    13
 Stab: Sleeping          |       |     1 |     1 |     1 ||     3
Armor: Robe              |     1 |     5 |     2 |       ||     8
       Steam dragon scal |       |       |     1 |     8 ||     9
       Troll leather arm |       |       |       |    19 ||    19
Dodge: Dodged            |    16 |    32 |    53 |   128 ||   229
